 Dungeon Crawl Stone Soup version bcrawl-1.27.3 (webtiles) character file.

Game seed: 17567848241191640826

78841 esc the Sneak (level 2, -1/25 HPs)
             Began as a Hill Orc Archaeologist on Oct 15, 2020.
             Slain by a worm (6 damage)
             ... on level 2 of the Dungeon.
             The game lasted 00:01:40 (996 turns).

esc the Sneak (Hill Orc Archaeologist)               Turns: 996, Time: 00:01:41

Health: -1/25      AC:  6    Str: 13    XL:     2   Next: 50%
Magic:  2/2        EV:  6    Int: 14    God:
Gold:   135        SH:  6    Dex:  9    Spells: 1/1 levels left

rFire    . . .     SeeInvis .   a - +0 whip
rCold    . . .     Gourm    .   l - +0 medium shield
rNeg     . . .     Faith    .   b - +1 robe
rPois    .         Spirit   .   c - +1 hat
rElec    .         Reflect  .   (no cloak)
rCorr    .         Harm     .   (no gloves)
MR       .....                  d - +1 pair of boots
Stlth    ++........             (no amulet)
HPRegen  0.08/turn              (no ring)
MPRegen  0.08/turn              (no ring)

@: no status effects
A: no striking features
a: no special abilities


You were on level 2 of the Dungeon.
You were hungry.

You visited 1 branch of the dungeon, and saw 2 of its levels.

You collected 135 gold pieces.

Inventory:

Hand Weapons
 a - a +0 whip (weapon)
Armour
 b - a +1 robe (worn)
 c - a +1 hat (worn)
 d - a +1 pair of boots (worn)
 h - a +2 large shield
 l - a +0 medium shield (worn)
Scrolls
 g - 2 scrolls of magic mapping
 j - 2 scrolls of remove curse {unknown}
 k - a scroll of fear {unknown}
 m - a scroll of noise {unknown}
Potions
 i - a potion of heal wounds {unknown}
Miscellaneous
 f - a dusty tome
Comestibles
 e - 2 rations {!d}


   Skills:
 + Level 2.4 Fighting
   Level 2.4 Short Blades
   Level 2.4 Long Blades
   Level 2.4 Axes
   Level 2.4 Maces & Flails
   Level 2.4 Polearms
   Level 2.4 Staves
 - Level 2.4 Dodging
 - Level 2.6 Stealth
 + Level 0.3 Shields
   Level 2.4 Unarmed Combat


You had one spell level left.
You didn't know any spells.
Your spell library was empty.

Dungeon Overview and Level Annotations

Branches:
Dungeon (2/12)

Altars:


Message History

The worm bites you.
* * * LOW HITPOINT WARNING * * *
You completely miss the worm.
The worm is severely wounded.
You block the leopard gecko's attack. The hobgoblin barely misses you.
The worm barely misses you. The leopard gecko barely misses you.
You hit the worm.
The worm is severely wounded.
The hobgoblin hits you but does no damage.
The leopard gecko bites you but does no damage.
You block the hobgoblin's attack.
You hit the worm.
The worm is almost dead.
You block the leopard gecko's attack. You block the hobgoblin's attack.
The worm barely misses you.
Your shield prevents you from hitting the worm.
The worm is almost dead.
The leopard gecko closely misses you. You block the hobgoblin's attack.
The worm bites you.
You die...

.... ..... #+ .... #.##
####... ...# #....# ...#
#....# ...# #.w..# ...#
#@g..#
...#############.l..##?
........................
#.############..........
#'######### #....#.....
........... .....#.....
........... ......# ?..#
..................# ...#
..............##.## ...


You could see a worm, a leopard gecko and a hobgoblin.

Vanquished Creatures
  3 giant cockroaches (D:1)
  A goblin (D:1)
  A hobgoblin (D:1)
  4 bats (D:1)
  A frilled lizard (D:1)
  4 kobolds (D:1)
  3 rats
17 creatures vanquished.

Vanquished Creatures (others)
  A ghoul (D:1)
  A minotaur (D:1)
  A gargoyle (D:1)
  A vine stalker (D:1)
  A spriggan (D:1)
  2 formicids (D:1)
  A human (D:1)
  A naga (D:1)
  2 dwarves (D:1)
  An ogre (D:1)
  A mummy (D:1)
  2 kobolds (D:1)
  6 tentacles (D:1)
21 creatures vanquished.

Grand Total: 38 creatures vanquished

Notes
Turn   | Place    | Note
-------+----------+-------------------------------------------
     0 | D:1      | esc the Hill Orc Archaeologist began the quest for the Orb.
     0 | D:1      | Reached XP level 1. HP: 16/16 MP: 1/1
     2 | D:1      | Noticed a human
     2 | D:1      | Noticed a dwarf
     2 | D:1      | Noticed a dwarf
     2 | D:1      | Noticed a naga
     2 | D:1      | Noticed a kraken
     2 | D:1      | Noticed an ogre
     2 | D:1      | Noticed a formicid
     2 | D:1      | Noticed a minotaur
     2 | D:1      | Noticed a vine stalker
     2 | D:1      | Noticed a formicid
     2 | D:1      | Noticed a spriggan
     2 | D:1      | Noticed a gargoyle
     2 | D:1      | Noticed a ghoul
     4 | D:1      | Killed a human
     6 | D:1      | Killed a dwarf
     8 | D:1      | Killed a dwarf
     8 | D:1      | Killed a vine stalker
    10 | D:1      | Killed a naga
    13 | D:1      | Killed a minotaur
    14 | D:1      | Killed a gargoyle
    16 | D:1      | Killed a formicid
    18 | D:1      | Killed a spriggan
    19 | D:1      | Killed an ogre
    21 | D:1      | Killed a ghoul
    21 | D:1      | Killed a formicid
   162 | D:1      | Reached XP level 2. HP: 12/24 MP: 2/2
   996 | D:2      | Slain by a worm

Skill      XL: |  1 |
---------------+----+-----
Fighting       | 2 |  2.4
Short Blades   | |  2.4
Long Blades    | |  2.4
Axes           | |  2.4
Maces & Flails | |  2.4
Polearms       | |  2.4
Staves         | |  2.4
Dodging        | |  2.4
Stealth        | |  2.6
Shields        | |  0.3
Unarmed Combat | |  2.4

Action                   || total
-------------------------++-------
Melee: Whip              ||    84
 Stab: Sleeping          ||     2
  Eat: Chunk             ||     1
Armor: Robe              ||    44
Dodge: Dodged            ||    51
Block: Medium shield     ||    19
